 Dungeon Crawl Stone Soup version 0.21-a0-476-gd103f4b (webtiles) character file.

105 KristoblXynda the Chucker (level 4, 0/54 HPs)
             Began as a Draconian Hunter on Nov 22, 2017.
             Slain by Natasha (1 damage)
             ... on level 2 of the Dungeon.
             The game lasted 00:02:45 (1402 turns).

KristoblXynda the Chucker (Draconian Hunter)        Turns: 1402, Time: 00:02:46

Health: 0/54       AC: 22    Str: 13 (14) XL:     4   Next: 53%
Magic:  4/4        EV:  2    Int: 16 (17) God:
Gold:   83         SH:  0    Dex: 14 (17) Spells: 3/3 levels left

rFire    . . .     SeeInvis .   a - +0 short sword
rCold    . . .     Gourm    .   (no shield)
rNeg     + + +     Faith    .   (armour unavailable)
rPois    +         Spirit   .   (helmet currently unavailable)
rElec    .         Reflect  .   (cloak currently unavailable)
rCorr    .         Harm     .   (gloves currently unavailable)
MR       .....     NoTele   +   (boots currently unavailable)
Stlth    +++.......             (no amulet)
HPRegen  0.18/turn              (no ring)
MPRegen  0.09/turn              (no ring)

@: brilliant, agile, tree-form
A: unfitting armour, AC +5
a: no special abilities


You were on level 2 of the Dungeon.
You were not hungry.
You were a tree.
You visited 1 branch of the dungeon, and saw 2 of its levels.

You collected 83 gold pieces.

Inventory:

Hand Weapons
 a - a +0 short sword (weapon)
Missiles
 b - 4 javelins (quivered)
 c - 2 throwing nets
Armour
 n - a +0 pair of boots (melded)
Scrolls
 f - 2 scrolls of remove curse {unknown}
 i - a scroll of identify {unknown}
Potions
 g - a potion of might {unknown}
Comestibles
 d - 2 bread rations
 j - 2 royal jellies
 m - 5 chunks of flesh


   Skills:
 - Level 2.1 Fighting
 + Level 4.3 Throwing
 + Level 2.8 Dodging
 + Level 2.5 Stealth


You had 3 spell levels left.
You didn't know any spells.

Dungeon Overview and Level Annotations

Branches:
Dungeon (2/15)

Altars:

Annotations:
D:2 Natasha


Innate Abilities, Weirdness & Mutations

((Your plain brown scales are hard. (AC +5)))
You cannot fit into any form of body armour.
((You are cold-blooded and may be slowed by cold attacks.))


Message History

It was a potion of agility.
You feel agile all of a sudden. Natasha completely misses you.
The crimson imp closely misses you.
Unknown command.
It was a potion of degeneration.
There was something very wrong with that liquid.
You feel weakened.
You feel dopey.
You feel clumsy. Natasha misses you. The crimson imp closely misses you.
Unknown command.
It was a potion of lignification.
You turn into a tree.
Your +0 pair of boots melds into your body.
Your roots penetrate the ground.
The crimson imp hits you but does no damage.
Natasha claws you but does no damage.
Unknown command.
It was a potion of brilliance.
You feel clever all of a sudden.
The crimson imp hits you but does no damage.
Natasha claws you.
You die...

.## ####### ......#
.####.####.##
............# ## ## #
#####.####.# #. .##.# #.#
#.#... ##.## #.5.# #...#
#♣# #...# #h# #...# #5#
#...# #.# ####...######
#(#
.......÷....####(######..
.........................
........>......#((.......
####...#####...#.##..#...


You could see Natasha, a crimson imp and a white imp.

Vanquished Creatures
  Natasha (D:2)
  3 adders (D:2)
  3 dart slugs
  5 bats
  2 giant cockroaches (D:1)
  6 goblins
  8 hobgoblins
  4 jackals (D:1)
  5 kobolds (D:1)
  A ball python (D:2)
  2 frilled lizards (D:1)
  5 rats
45 creatures vanquished.

Notes
Turn   | Place    | Note
-------+----------+-------------------------------------------
     0 | D:1      | KristoblXynda the Draconian Hunter began the quest for the Orb.
     0 | D:1      | Reached XP level 1. HP: 17/17 MP: 1/1
    40 | D:1      | Reached skill level 1 in Stealth
   152 | D:1      | Reached XP level 2. HP: 20/24 MP: 2/2
   612 | D:1      | Reached XP level 3. HP: 27/29 MP: 3/3
   624 | D:1      | Reached skill level 4 in Throwing
  1128 | D:2      | Noticed Natasha
  1137 | D:2      | Killed Natasha
  1137 | D:2      | Reached XP level 4. HP: 24/36 MP: 4/4
  1372 | D:2      | Noticed Natasha
  1398 | D:2      | HP: 1/36 [Natasha (8)]
  1402 | D:2      | Slain by Natasha

Vault maps used:
D:1:      tarquinn_simple_flora_water_e, st_stairs_4
D:2:      vehumet_crystals, dancing_weapons_uskayaw,
          gammafunk_temple_overflow_claw, uniq_natasha, uniq_jessica

Skill      XL: |  1  2  3 |
---------------+----------+-----
Stealth        | 1 2 |  2.5
Dodging        | 2 |  2.8
Throwing       | 4 |  4.3
Fighting       | |  2.1

Action                   |  1- 3 |  4- 6 || total
-------------------------+-------+-------++-------
Melee: Short sword       |   122 |    33 ||   155
       Tailslap          |    11 |     4 ||    15
Throw: Javelin           |     2 |     1 ||     3
       Tomahawk          |     4 |    13 ||    17
  Use: Potion            |       |     5 ||     5
 Stab: Sleeping          |     1 |       ||     1
  Eat: Chunk             |       |     2 ||     2
Armor: Skin              |    38 |    12 ||    50
Dodge: Dodged            |    91 |    30 ||   121

Table legend:
 A = Spawn XP
 B = Non-spawn XP
 C = Spawn XP percentage of total XP
 D = Spawn monster count
 E = Non-spawn monster count
 F = Spawn count percentage of total count
 G = Total turns spent on level
                    A         B        C        D         E        F      G
               +---------+---------+-------+---------+---------+-------+---------
         Total |       0 |     150 |   0.0 |       0 |      45 |   0.0 |  1402
               +---------+---------+-------+---------+---------+-------+---------
           D:1 |       0 |      62 |   0.0 |       0 |      34 |   0.0 |  1090
           D:2 |       0 |      88 |   0.0 |       0 |      11 |   0.0 |   312
               +---------+---------+-------+---------+---------+-------+---------
